General information
- name: BNet
- type: Ladder team game (AT/RT)
- host: Battle.net
- saver: black-dog-day
map: MarketSquare
- players: 8
- length: 14:08
- speed: Fast
- version: 1.26 W3XP
- replay type: Public
» download(118 KB)
Players
team 1 (loser)

»
ft4life (
green | 31 APM | 443 actions | 14:08)
3 Mountain King
2 Storm Bolt
1 Bash
1 Paladin
1 Devotion Aura
» actions
| Basic commands | 11 | |
| Build / train | 48 | |
| Enter build submenu | 31 | |
| Enter hero's abilities submenu | 4 | |
| Right click | 121 | |
| Select / deselect | 187 | |
| Use ability | 41 | |
443 total
» units
» upgrades
| Masonry | 1 | |
| Lumber Harvesting | 1 | |
| Swords | 3 | |
| Plating | 1 | |
| Animal War Training | 1 | |
7 total
» buildings
| Farm | 12 | |
| Barracks | 3 | |
| Altar of Kings | 1 | |
| Lumber Mill | 1 | |
| Keep | 4 | |
| Town Hall | 1 | |
| Scout Tower | 9 | |
| Guard Tower | 4 | |
| Castle | 1 | |
| Blacksmith | 1 | |
37 total
» build order
00:41 Farm
00:55 Barracks
00:56 Barracks
01:25 Altar of Kings
02:06 Farm
02:08 Farm
02:46 Farm
02:50 Farm
03:39 Farm
03:45 Farm
04:38 Lumber Mill
04:57 Keep
04:57 Keep
04:57 Keep
06:21 Town Hall
06:31 Scout Tower
06:32 Scout Tower
06:34 Scout Tower
06:36 Scout Tower
06:40 Scout Tower
06:41 Scout Tower
06:43 Scout Tower
07:05 Guard Tower
07:08 Guard Tower
07:19 Guard Tower
07:45 Scout Tower
07:47 Scout Tower
08:23 Guard Tower
08:29 Castle
08:43 Blacksmith
09:20 Barracks
09:50 Farm
10:01 Farm
10:34 Farm
11:37 Farm
12:07 Farm
Zangief_McQueef (
teal | 65 APM | 926 actions | 14:08)
4 Archmage
2 Blizzard
2 Brilliance Aura
» actions
| Assign group hotkey | 22 | |
| Basic commands | 17 | |
| Build / train | 50 | |
| Enter build submenu | 18 | |
| Enter hero's abilities submenu | 4 | |
| Give item / drop item | 2 | |
| Remove unit from queue | 1 | |
| Right click | 438 | |
| Select / deselect | 247 | |
| Select group hotkey | 55 | |
| Use ability | 72 | |
926 total
» units
| Peasant | 8 | |
| Footman | 6 | |
| Mortar Team | 9 | |
| Sorceress | 2 | |
25 total
» upgrades
| Defend | 1 | |
| Lumber Harvesting | 1 | |
| Sorceress Training | 2 | |
| Gunpowder | 3 | |
| Fragmentation Shards | 1 | |
| Flare | 1 | |
9 total
» buildings
| Farm | 8 | |
| Altar of Kings | 1 | |
| Barracks | 1 | |
| Scout Tower | 2 | |
| Arcane Tower | 1 | |
| Lumber Mill | 1 | |
| Arcane Vault | 1 | |
| Keep | 1 | |
| Blacksmith | 1 | |
| Workshop | 2 | |
| Arcane Sanctum | 1 | |
| Castle | 1 | |
21 total
» build order
00:08 Farm
00:10 Altar of Kings
00:35 Barracks
00:42 Farm
01:33 Scout Tower
01:36 Scout Tower
01:44 Farm
02:03 Arcane Tower
03:09 Lumber Mill
03:45 Arcane Vault
03:58 Keep
04:50 Blacksmith
05:24 Farm
05:27 Farm
06:26 Workshop
06:29 Arcane Sanctum
06:33 Castle
07:55 Farm
10:47 Workshop
11:55 Farm
13:30 Farm
» items
| Potion of Invisibility | 1 | |
| Staff of Teleportation | 1 | |
| Periapt of Vitality | 1 | |
| Potion of Healing | 1 | |
| Scroll of Regeneration | 2 | |
| Scroll of Town Portal | 1 | |
7 total

»
Spend_or_Share (
blue | 60 APM | 853 actions | 14:08)
4 Demon Hunter
1 Immolation
2 Evasion
1 Mana Burn
2 Keeper of the Grove
1 Entangling Roots
1 Force of Nature
» actions
| Assign group hotkey | 20 | |
| Basic commands | 94 | |
| Build / train | 47 | |
| Enter build submenu | 15 | |
| Enter hero's abilities submenu | 6 | |
| Right click | 257 | |
| Select / deselect | 166 | |
| Select group hotkey | 202 | |
| Use ability | 46 | |
853 total
» units
» upgrades
| Strength of the Moon | 2 | |
| Moon Armor | 1 | |
| Improved Bows | 1 | |
| Hippogryph Taming | 1 | |
5 total
» buildings
| Moon Well | 6 | |
| Altar of Elders | 1 | |
| Ancient of War | 2 | |
| Hunter's Hall | 1 | |
| Tree of Ages | 1 | |
| Ancient Protector | 2 | |
| Ancient of Wind | 2 | |
| Tree of Life | 1 | |
| Tree of Eternity | 1 | |
17 total
» build order
00:34 Moon Well
00:48 Altar of Elders
01:08 Ancient of War
01:26 Moon Well
02:20 Ancient of War
02:54 Moon Well
03:57 Hunter's Hall
04:04 Moon Well
04:44 Tree of Ages
06:12 Ancient Protector
07:23 Ancient of Wind
07:26 Ancient of Wind
09:28 Tree of Life
09:40 Moon Well
09:51 Moon Well
11:37 Ancient Protector
12:54 Tree of Eternity
» items
| Potion of Healing | 1 | |
| Scroll of Town Portal | 1 | |
2 total
black-dog-day (
yellow | 78 APM | 1105 actions | 14:08)
3 Blademaster
2 Wind Walk
1 Critical Strike
3 Shadow Hunter
2 Hex
1 Healing Wave
» actions
| Assign group hotkey | 27 | |
| Basic commands | 6 | |
| Build / train | 39 | |
| Enter build submenu | 9 | |
| Enter hero's abilities submenu | 6 | |
| Give item / drop item | 5 | |
| Right click | 556 | |
| Select / deselect | 91 | |
| Select group hotkey | 293 | |
| Use ability | 73 | |
1105 total
» units
» upgrades
| Ranged Weapons | 1 | |
| Ensnare | 1 | |
| Reinforced Defenses | 1 | |
3 total
» buildings
| Altar of Storms | 1 | |
| Orc Burrow | 6 | |
| Voodoo Lounge | 1 | |
| Stronghold | 1 | |
| War Mill | 1 | |
| Beastiary | 3 | |
| Fortress | 1 | |
14 total
» build order
00:22 Altar of Storms
00:35 Orc Burrow
00:48 Voodoo Lounge
02:21 Stronghold
02:40 War Mill
03:05 Orc Burrow
03:07 Orc Burrow
03:08 Orc Burrow
04:43 Beastiary
04:44 Beastiary
09:12 Fortress
09:16 Beastiary
09:19 Orc Burrow
09:19 Orc Burrow
» items
| Healing Salve | 3 | |
| Lesser Clarity Potion | 4 | |
| Staff of Teleportation | 1 | |
| Scroll of Town Portal | 1 | |
9 total
team 2 (winner)

»
Urban(x)Blood (
red | 79 APM | 1120 actions | 14:08)
3 Demon Hunter
2 Mana Burn
1 Evasion
2 Firelord
1 Summon Lava Spawn
1 Soul Burn
» actions
| Assign group hotkey | 32 | |
| Basic commands | 144 | |
| Build / train | 44 | |
| ESC pressed | 3 | |
| Enter build submenu | 17 | |
| Enter hero's abilities submenu | 5 | |
| Right click | 376 | |
| Select / deselect | 235 | |
| Select group hotkey | 208 | |
| Use ability | 56 | |
1120 total
» units
| Wisp | 14 | |
| Archer | 5 | |
| Dryad | 4 | |
| Druid of the Claw | 4 | |
27 total
» upgrades
| Druid of the Claw Training | 2 | |
| Abolish Magic | 1 | |
| Strength of the Wild | 2 | |
| Reinforced Hides | 2 | |
7 total
» buildings
| Altar of Elders | 1 | |
| Moon Well | 4 | |
| Ancient of War | 1 | |
| Tree of Ages | 1 | |
| Ancient of Wonders | 1 | |
| Hunter's Hall | 1 | |
| Ancient of Lore | 2 | |
| Tree of Life | 1 | |
| Ancient Protector | 2 | |
| Tree of Eternity | 1 | |
15 total
» build order
00:18 Altar of Elders
00:31 Moon Well
01:03 Ancient of War
01:43 Moon Well
02:36 Tree of Ages
02:48 Ancient of Wonders
04:05 Hunter's Hall
04:55 Moon Well
05:19 Ancient of Lore
05:57 Ancient of Lore
06:43 Tree of Life
06:48 Ancient Protector
06:57 Ancient Protector
07:38 Moon Well
09:27 Tree of Eternity
highandnewb (
purple | 53 APM | 750 actions | 14:08)
4 Mountain King
2 Storm Bolt
2 Thunder Clap
» actions
| Assign group hotkey | 18 | |
| Basic commands | 48 | |
| Build / train | 45 | |
| ESC pressed | 1 | |
| Enter build submenu | 18 | |
| Enter hero's abilities submenu | 4 | |
| Right click | 320 | |
| Select / deselect | 140 | |
| Select group hotkey | 116 | |
| Use ability | 40 | |
750 total
» units
| Peasant | 12 | |
| Footman | 2 | |
| Rifleman | 5 | |
| Knight | 2 | |
| Siege Engine | 1 | |
22 total
» upgrades
| Masonry | 1 | |
| Long Rifles | 1 | |
| Lumber Harvesting | 1 | |
| Animal War Training | 1 | |
| Barrage | 1 | |
5 total
» buildings
| Altar of Kings | 1 | |
| Farm | 7 | |
| Barracks | 2 | |
| Lumber Mill | 1 | |
| Arcane Vault | 1 | |
| Blacksmith | 1 | |
| Scout Tower | 2 | |
| Keep | 3 | |
| Arcane Tower | 1 | |
| Castle | 1 | |
| Workshop | 2 | |
| Town Hall | 1 | |
23 total
» build order
00:16 Altar of Kings
00:21 Farm
00:35 Barracks
01:01 Lumber Mill
01:23 Farm
01:47 Arcane Vault
02:18 Blacksmith
02:54 Scout Tower
02:56 Scout Tower
03:08 Farm
03:19 Keep
03:19 Keep
03:26 Arcane Tower
04:07 Farm
05:53 Castle
05:55 Barracks
05:58 Workshop
06:01 Workshop
06:17 Farm
07:02 Farm
09:07 Farm
12:56 Town Hall
» items
| Lesser Clarity Potion | 1 | |
| Scroll of Regeneration | 4 | |
| Potion of Healing | 1 | |
| Scroll of Town Portal | 2 | |
8 total
burtmacklin-fbi (
orange | 91 APM | 1286 actions | 14:08)
4 Death Knight
2 Death Coil
2 Unholy Aura
2 Lich
1 Frost Nova
1 Frost Armor
» actions
| Assign group hotkey | 36 | |
| Build / train | 43 | |
| Enter build submenu | 13 | |
| Enter hero's abilities submenu | 7 | |
| Remove unit from queue | 5 | |
| Right click | 640 | |
| Select / deselect | 161 | |
| Select group hotkey | 331 | |
| Use ability | 50 | |
1286 total
» units
| Acolyte | 4 | |
| Crypt Fiend | 8 | |
| Obsidian Statue | 2 | |
14 total
» upgrades
| Creature Attack | 2 | |
| Burrow | 1 | |
| Web | 1 | |
| Creature Carapace | 2 | |
6 total
» buildings
| Graveyard | 1 | |
| Crypt | 2 | |
| Altar of Darkness | 1 | |
| Ziggurat | 6 | |
| Tomb of Relics | 1 | |
| Nerubian Tower | 1 | |
| Halls of the Dead | 1 | |
| Slaughterhouse | 1 | |
| Spirit Tower | 1 | |
| Black Citadel | 1 | |
16 total
» build order
00:08 Graveyard
00:11 Crypt
00:30 Altar of Darkness
00:47 Ziggurat
01:06 Tomb of Relics
02:13 Ziggurat
02:59 Nerubian Tower
04:01 Halls of the Dead
04:43 Ziggurat
05:55 Ziggurat
06:24 Slaughterhouse
07:46 Spirit Tower
09:39 Crypt
11:44 Black Citadel
11:51 Ziggurat
12:18 Ziggurat
» items
| Rod of Necromancy | 1 | |
| Sacrificial Skull | 1 | |
| Scroll of Regeneration | 1 | |
| Potion of Healing | 2 | |
| Scroll of Town Portal | 1 | |
6 total

»
Doof- (
pink | 81 APM | 1149 actions | 14:08)
4 Archmage
2 Summon Water Elemental
2 Brilliance Aura
2 Mountain King
1 Storm Bolt
1 Bash
1 Paladin
1 Holy Light
» actions
| Assign group hotkey | 20 | |
| Basic commands | 113 | |
| Build / train | 94 | |
| ESC pressed | 1 | |
| Enter build submenu | 22 | |
| Enter hero's abilities submenu | 7 | |
| Right click | 301 | |
| Select / deselect | 369 | |
| Select group hotkey | 141 | |
| Use ability | 81 | |
1149 total
» units
| Peasant | 23 | |
| Footman | 7 | |
| Rifleman | 4 | |
| Priest | 2 | |
| Mortar Team | 9 | |
| Sorceress | 8 | |
53 total
» upgrades
| Lumber Harvesting | 1 | |
| Masonry | 2 | |
| Gunpowder | 2 | |
| Armor | 1 | |
| Fragmentation Shards | 1 | |
7 total
» buildings
| Barracks | 1 | |
| Altar of Kings | 1 | |
| Farm | 7 | |
| Arcane Vault | 1 | |
| Lumber Mill | 1 | |
| Keep | 1 | |
| Blacksmith | 1 | |
| Town Hall | 1 | |
| Scout Tower | 6 | |
| Arcane Sanctum | 1 | |
| Guard Tower | 3 | |
| Workshop | 1 | |
| Castle | 3 | |
28 total
» build order
00:15 Barracks
00:18 Altar of Kings
00:33 Farm
00:59 Farm
01:47 Farm
02:52 Arcane Vault
03:17 Lumber Mill
03:46 Keep
04:05 Blacksmith
04:25 Farm
04:38 Farm
06:10 Town Hall
06:15 Scout Tower
06:17 Scout Tower
06:34 Arcane Sanctum
06:54 Guard Tower
07:22 Scout Tower
07:33 Workshop
07:53 Guard Tower
07:53 Guard Tower
08:45 Castle
08:45 Castle
08:54 Farm
10:39 Farm
12:24 Scout Tower
12:46 Scout Tower
12:48 Scout Tower
» items
| Rod of Necromancy | 1 | |
| Dust of Appearance | 1 | |
| Scroll of Regeneration | 2 | |
| Lesser Clarity Potion | 1 | |
| Scroll of Town Portal | 1 | |
6 total
Chat log
(00:16 / Allies) Spend_or_Share: damnit
(00:17 / Allies) black-dog-day: relax
(00:17 / Allies) Spend_or_Share: yay
(00:26 / Allies) Zangief_McQueef: goin morts
(00:34 / Allies) ft4life: foots knights
(00:42 / Allies) Spend_or_Share: arch to hip ryders them
(00:43 / All) black-dog-day: kodo #1
(00:51 / All) burtmacklin-fbi: lol kodos is bad
(01:00 / All) ft4life: kodos the shit yo
(01:04 / All) burtmacklin-fbi: haha
(01:14 / All) burtmacklin-fbi: not even close to highest skill on east
(01:15 / All) Urban(x)Blood: who the fuck cares
(01:16 / All) Urban(x)Blood: fan boys
(01:35 / All) burtmacklin-fbi: playing a million games doesn't make you good lol
(01:43 / All) black-dog-day: pretty sure he is top player on east nowadays
(01:44 / All) Spend_or_Share: true
(01:50 / All) burtmacklin-fbi: top on ladder
(01:54 / All) Doof-: cumulo is good
(01:57 / All) Urban(x)Blood: i have buddies who'd disagree
(01:58 / All) black-dog-day: pro gooks dont play anymore
(02:00 / All) ft4life: i thought we were talking about the units
(02:01 / All) burtmacklin-fbi: cumulo used to be good lol
(02:12 / All) black-dog-day: i saw kodos 2s replays cumulo gets carried lawlz
(02:15 / All) Doof-: hes not bad
(02:33 / All) burtmacklin-fbi: i can 1v1 kodos lol
(02:46 / All) black-dog-day: ill set it up, im his manager
(02:54 / All) burtmacklin-fbi: he's way overrated lol
(03:03 / All) Urban(x)Blood: his manager? rofl
(03:14 / All) black-dog-day: i please him
(03:20 / All) ft4life: SEXUALLY
(03:22 / All) Urban(x)Blood: sexually?
(03:34 / All) Urban(x)Blood: same page bro
(05:56 / Allies) black-dog-day: midd
(06:05 / Allies) ft4life: be right there
(06:59 / Allies) black-dog-day: lets
(07:00 / Allies) black-dog-day: rape expos
(09:25 / Allies) black-dog-day: top left i say
(09:32 / Allies) ft4life: ill follow
(09:39 / Allies) ft4life: lumber?
(09:48 / Allies) ft4life: thanks
(09:53 / Allies) Spend_or_Share: gold?
(10:01 / Allies) Spend_or_Share: ty
(11:08 / All) burtmacklin-fbi: nope.
(11:32 / Allies) black-dog-day: guys where the fuck are ur units
(11:42 / Allies) Zangief_McQueef: up my ass
(11:58 / Allies) ft4life: im making 9 knights
(12:14 / Allies) ft4life: they may hit my expo
(12:19 / All) black-dog-day: lol
(12:21 / Allies) Spend_or_Share: b
(12:22 / Allies) Spend_or_Share: lol
(12:26 / All) black-dog-day: fucking hacker
(12:27 / All) Zangief_McQueef: wtf lol
(12:28 / All) ft4life: shady....
(12:34 / All) Spend_or_Share: hacker?
(12:34 / All) burtmacklin-fbi: who lol
(12:35 / All) Urban(x)Blood: sentry ward
(13:05 / Allies) ft4life: kill
(13:21 / Allies) Zangief_McQueef: ill help ur expo red
(13:39 / Allies) Zangief_McQueef: repair